 Dungeon Crawl Stone Soup version 0.22-a0-587-g7d32d7c (webtiles) character file.

2593 varam the Blocker (level 9, -4/69 HPs)
             Began as a Formicid Fighter on July 4, 2018.
             Was a Priest of Makhleb.
             Slain by a manticore (16 damage)
             ... on level 8 of the Dungeon.
             The game lasted 00:19:00 (6842 turns).

varam the Blocker (Formicid Fighter)                Turns: 6842, Time: 00:19:01

Health: -4/69      AC: 18    Str: 25    XL:     9   Next: 89%
Magic:  12/12      EV:  9    Int: 12    God:    Makhleb [***...]
Gold:   183        SH: 12    Dex: 10    Spells: 8/8 levels left

rFire    . . .     SeeInvis +   a - +1 war axe
rCold    + + +     Gourm    .   m - +0 shield
rNeg     . . .     Faith    .   J - +8 scale mail of Dionwosi {rC++}
rPois    .         Spirit   .   (helmet unavailable)
rElec    .         Reflect  .   (no cloak)
rCorr    .         Harm     .   k - +1 pair of gloves
MR       .....                  O - +0 pair of boots
Stlth    ..........             (no amulet)
HPRegen  0.21/turn              j - +1 ring of slaying
MPRegen  0.13/turn              c - ring of protection from cold

@: mighty, barbed spikes
A: permanent stasis, dig shafts and tunnels, four strong arms, antennae 3
a: Dig, Shaft Self, Minor Destruction, Lesser Servant of Makhleb, Renounce
Religion


You were on level 8 of the Dungeon.
You worshipped Makhleb.
Makhleb was most pleased with you.
You were not hungry.

You visited 1 branch of the dungeon, and saw 8 of its levels.
You also visited: Sewer.

You collected 363 gold pieces.
You spent 180 gold pieces at shops.

Inventory:

Hand Weapons
 a - a +1 war axe (weapon)
 h - a +0 hunting sling
 p - a +4 whip
 s - a +4 dagger
 t - a +0 blowgun
 B - a +2 antimagic trident
 I - a +1 vampiric short sword
 N - a +0 battleaxe
Missiles
 u - 238 stones (quivered)
 y - 37 poisoned needles
Armour
 b - a +0 scale mail
 k - a +1 pair of gloves (worn)
 m - a +0 shield (worn)
 J - the +8 scale mail of Dionwosi (worn) {rC++}
   (You bought it in a shop on level 7 of the Dungeon)

   It greatly protects you from cold.
 O - a +0 pair of boots (worn)
Jewellery
 c - a ring of protection from cold (right hand)
 j - a +1 ring of slaying (left hand)
 F - an uncursed amulet of faith
 K - an uncursed amulet of the acrobat
 P - an uncursed ring of protection from cold
Wands
 v - a wand of digging (20)
Scrolls
 l - a scroll of amnesia {unknown}
 n - 4 scrolls of enchant weapon
 o - 2 scrolls of enchant armour {unknown}
 r - 4 scrolls of identify
 z - 3 scrolls of remove curse
 C - 2 scrolls of random uselessness {unknown}
 G - a scroll of immolation {unknown}
 H - a scroll of holy word {unknown}
Potions
 d - 2 potions of might
 f - 2 potions of haste {unknown}
 g - a potion of ambrosia {unknown}
 i - 7 potions of curing {unknown}
 x - a potion of magic {unknown}
 A - a potion of lignification {unknown}
 D - 3 potions of flight {unknown}
 E - a potion of berserk rage {unknown}
 L - a potion of brilliance {unknown}
 M - a potion of invisibility {unknown}
Comestibles
 e - 10 rations


   Skills:
 + Level 5.9 Fighting
 + Level 8.9 Axes
 - Level 3.2 Armour
 - Level 9.0 Shields
 + Level 5.1 Invocations


You had 8 spell levels left.
You didn't know any spells.
Your spell library contained the following spells:

 Spells                   Type           Power        Failure   Level  Hunger
 Animate Dead             Necr           N/A          100%        4    #####..
 Pain                     Necr           #...         61%         1    ##.....
 Animate Skeleton         Necr           N/A          61%         1    ##.....
 Vampiric Draining        Necr           #.........   93%         3    ####...
 Regeneration             Chrm/Necr      #.........   93%         3    ####...


Dungeon Overview and Level Annotations

Branches:
Dungeon (8/15)             Temple (0/1) D:7
   Lair: D:8-11

Altars:
Elyvilon
Fedhas
Hepliaklqana
Makhleb
Uskayaw

Shops:
D:7 *


Innate Abilities, Weirdness & Mutations

You cannot be hasted, slowed, berserked, paralysed or teleported.
You can dig through walls and to a lower floor.
Your four strong arms can wield two-handed weapons with a shield.
You have a pair of large antennae on your head. (SInv)


Message History

A rock wall.
The rock shatters into small pieces.
The barbs in your skin will harm you if you move.
Continue?
The barbed spikes dig painfully into your body as you move.
The manticore flicks its tail.
You block the volley of spikes.
The barbed spikes dig painfully into your body as you move.
* * * LOW HITPOINT WARNING * * *
You block the manticore's attack. x2; The manticore barely misses you.
You barely miss the manticore.
The manticore is moderately wounded.
The manticore bites you!!
* * * LOW HITPOINT WARNING * * *
You block the manticore's attack. The manticore barely misses you.
You feel much better. The manticore closely misses you.
The manticore barely misses you. The manticore claws you!
* * * LOW HITPOINT WARNING * * *
You feel very mighty all of a sudden. The manticore bites you!
You die...

### #####.# #.....#
#.###.###### #.#
#.....(########
##.########........#
#.........#@########
######.......#.#H#
.....#.#####.# #H#
.###.#.# # #(#
.###.#.#####. #)#
.............. ...
.###.......#.###(#(
.............. #.#.H
....#......##. #.#
..


You could see a manticore and a hippogriff.

Vanquished Creatures
  A shadow (D:7)
  A hungry ghost (D:7)
  Menkaure (D:4)
  An ice beast (D:7)
  2 ogres
  A centaur (D:8)
  A big kobold (Sewer)
  3 bullfrogs
  5 scorpions
  7 killer bees
  A wight (D:7)
  A howler monkey (D:5)
  5 crimson imps
  3 hounds (D:5)
  A jelly (D:5)
  2 bullfrog skeletons
  2 orc priests
  Jessica (D:2)
  2 iguanas (D:6)
  6 worker ants
  3 orc wizards
  2 worker ant zombies
  4 gnolls (D:7)
  5 adders
  A river rat (Sewer)
  A shadow imp (D:6)
  2 oozes
  An adder skeleton (D:4)
  3 worms
  4 dart slugs
  4 leopard geckos
  16 orcs
  5 bats
  5 giant cockroaches
  10 hobgoblins
  5 jackals
  11 kobolds
  2 quokkas
  2 ball pythons
  6 frilled lizards
  A giant cockroach zombie (D:6)
  10 goblins
  A jackal zombie (D:6)
  A leopard gecko zombie (D:7)
  6 rats
158 creatures vanquished.

Vanquished Creatures (others)
  A fungus (D:3)
1 creature vanquished.

Grand Total: 159 creatures vanquished

Notes
Turn   | Place    | Note
-------+----------+-------------------------------------------
     0 | D:1      | varam the Formicid Fighter began the quest for the Orb.
     0 | D:1      | Reached XP level 1. HP: 18/18 MP: 1/1
   221 | D:1      | Reached XP level 2. HP: 21/24 MP: 2/2
   374 | D:1      | Reached XP level 3. HP: 22/29 MP: 3/3
   894 | D:2      | Reached skill level 4 in Shields
   935 | D:2      | Found a hide-covered altar of Uskayaw.
   937 | D:2      | Found a burning altar of Makhleb.
   949 | D:2      | Became a worshipper of Makhleb the Destroyer
  1014 | D:2      | Reached XP level 4. HP: 23/35 MP: 4/4
  1417 | D:2      | Noticed Jessica
  1421 | D:2      | Killed Jessica
  1521 | D:2      | Reached XP level 5. HP: 26/41 MP: 5/5
  1777 | D:3      | Found a blossoming altar of Fedhas.
  2203 | D:3      | Reached skill level 5 in Shields
  2657 | D:3      | Reached * piety under Makhleb
  3052 | D:4      | Reached XP level 6. HP: 47/47 MP: 6/6
  3132 | D:4      | Noticed an ogre
  3145 | D:5      | Entered Level 5 of the Dungeon
  3163 | D:5      | Reached skill level 5 in Axes
  3189 | D:5      | Reached skill level 6 in Shields
  3282 | D:5      | Reached XP level 7. HP: 34/52 MP: 7/7
  3635 | D:5      | Found a glowing drain.
  3644 | Sewer    | Entered a sewer
  3829 | Sewer    | Reached skill level 7 in Shields
  3876 | Sewer    | Found a white marble altar of Elyvilon.
  4099 | D:5      | Found a hazy altar of Hepliaklqana.
  4281 | D:5      | Reached XP level 8. HP: 56/58 MP: 8/8
  4290 | D:6      | Reached ** piety under Makhleb
  4389 | D:4      | Reached skill level 8 in Shields
  4557 | D:4      | Noticed Menkaure
  4575 | D:4      | Killed Menkaure
  4858 | D:6      | Found a white marble altar of Elyvilon.
  5101 | D:6      | Reached skill level 9 in Shields
  5418 | D:7      | Reached skill level 1 in Invocations
  5426 | D:7      | Noticed a shadow
  5442 | D:6      | Reached XP level 9. HP: 30/65 MP: 8/10
  5749 | D:7      | Found Tuecog's Assorted Antiques.
  5757 | D:7      | Bought a jewelled scale mail for 180 gold pieces
  5776 | D:7      | Identified the +8 scale mail of Dionwosi {rC++} (You bought it in a shop on level 7 of the Dungeon)
  6292 | D:7      | Reached skill level 5 in Fighting
  6444 | D:7      | Reached *** piety under Makhleb
  6670 | D:7      | Found a staircase to the Ecumenical Temple.
  6820 | D:8      | Noticed a manticore
  6821 | D:8      | Reached skill level 5 in Invocations
  6823 | D:8      | Noticed a hippogriff
  6840 | D:8      | HP: 1/69 [manticore (18)]
  6842 | D:8      | Slain by a manticore

Vault maps used:
D:1:      nzn_arrival_crosshair, minmay_tetromino_t4
D:2:      minitemple, uniq_jessica
D:3:      serial_curves, eino_curves_03, eino_curves_01, first_ration,
          fedhas_altar_3
D:4:      uniq_menkaure
D:5:      kennysheep_mini, portal_sewer_entry_d
D:6:      elyvilon_altar_3
D:7:      temple_statues, serial_shops,
          nicolae_shop_temple_entry_statues_fountains, minivault_27
D:8:      gammafunk_temple_overflow_statue
Sewer:    sewer_kobolds

Skill      XL: |  1  2  3  4  5  6  7  8  9 |
---------------+----------------------------+-----
Axes           | 3 4 5 6 7 8 |  8.9
Shields        | 4 5 6 7 9 |  9.0
Invocations    | 1 5 |  5.1
Fighting       | 5 |  5.9
Armour         | |  3.2

Action                   |  1- 3 |  4- 6 |  7- 9 || total
-------------------------+-------+-------+-------++-------
Melee: War axe           |    98 |   140 |   330 ||   568
       Battleaxe         |       |       |    63 ||    63
Throw: Stone             |       |       |    22 ||    22
Evoke: Wand              |       |       |     9 ||     9
  Use: Scroll            |       |     4 |     3 ||     7
       Potion            |       |       |     2 ||     2
  Eat: Chunk             |       |     8 |     9 ||    17
       Ration            |       |       |     3 ||     3
Armor: Scale mail        |    66 |    63 |   128 ||   257
Dodge: Dodged            |    37 |    47 |   122 ||   206
Block: Shield            |    53 |    84 |   253 ||   390

Table legend:
 A = Spawn XP
 B = Non-spawn XP
 C = Spawn XP percentage of total XP
 D = Spawn monster count
 E = Non-spawn monster count
 F = Spawn count percentage of total count
 G = Total turns spent on level
                    A         B        C        D         E        F      G
               +---------+---------+-------+---------+---------+-------+---------
         Total |       0 |    3705 |   0.0 |       0 |     158 |   0.0 |  6842
               +---------+---------+-------+---------+---------+-------+---------
           D:1 |       0 |      46 |   0.0 |       0 |      19 |   0.0 |   722
           D:2 |       0 |     100 |   0.0 |       0 |      25 |   0.0 |  1200
           D:3 |       0 |      95 |   0.0 |       0 |      19 |   0.0 |  1114
           D:4 |       0 |     509 |   0.0 |       0 |      13 |   0.0 |   589
           D:5 |       0 |     583 |   0.0 |       0 |      23 |   0.0 |   694
           D:6 |       0 |     468 |   0.0 |       0 |      20 |   0.0 |   984
           D:7 |       0 |    1478 |   0.0 |       0 |      22 |   0.0 |  1155
           D:8 |       0 |     307 |   0.0 |       0 |       5 |   0.0 |    93
         Sewer |       0 |     119 |   0.0 |       0 |      12 |   0.0 |   291
               +---------+---------+-------+---------+---------+-------+---------
